Description

2-reaper 1-hellion 1-widowmine build, the well-known non-offensive TvT 2-gas build. Features a quick starport. production without a timing should be enacted as soon as possible, on condition you have enough resources.

VOD

https://www.bilibili.com/video/BV19g41157PW

Build Order

Why is there no SALT encoding or Overwolf build?

    0:00  SCV  worker production should not be halted.
      Supply Depot  
    0:40  Barracks  
    0:45  Refinery  
    0:54  Refinery  
      Orbital Command  
      Reaper  
      Supply Depot  
    1:42  Factory  remove 3 workers from refinery and direct them to mining.
      Reaper  
    2:21  Command Center  
      Hellion  
    2:32  Starport  Prioritize this over Reactor, Supply Depot and even SCVs if necessary.
      Barracks Reactor  
      Supply Depot  
      Widow Mine  
      Marine x2  
      Factory Tech Lab  
      Starport Tech Lab  
    3:12  Refinery  To make sure the refinery finishes *with* the CC.
      Marine x2  
Spawning Tool Build Advisor. Get it on Overwolf

Analysis

when defending 3-reaper 2-hellion (3+2) push, try to target reapers with your widowmine to maximize your damage. Scouting is needed to punish some greedy builds.

Go to:

Details

  • Created by: Lascaris
  • Published on: Mar 03, 2023
  • Modified on: Mar 03, 2023
  • Patch: 5.0.11
  • Difficulty: Easy
Show

Export as new Build Order

Comments (1)

On March 3, 2023, 10:44 a.m., Lascaris  said:

Certain timings are not necessarily marked because they don't have a exact timing. For example, some pro-gamers would place the second supply depot near the reaper cliff in the main thus delaying the supply depot for ~5 sec and it doesn't affect anything. Others place the third supply depot there.

Create an account to comment!